 Dungeon Crawl Stone Soup version 0.19.1 (webtiles) character file.

119 dvd the Cudgeler (level 4, -2/42 HPs)
             Began as a Troll Warper on Nov 24, 2016.
             Slain by a bullfrog (6 damage)
             ... on level 5 of the Dungeon.
             The game lasted 00:06:05 (1968 turns).

dvd the Cudgeler (Troll Warper)                     Turns: 1968, Time: 00:06:05

Health: -2/42      AC:  5    Str: 19    XL:     4   Next: 74%
Magic:  1/5        EV: 10    Int:  9    God:
Gold:   147        SH:  0    Dex: 10    Spells: 2 memorised, 1 level left

rFire  + . .     SeeInvis .     a - +0 mace
rCold  x . .     Gourm    +     b - +0 robe
rNeg   . . .     Faith    .     (no shield)
rPois  .         Spirit   .     (helmet restricted)
rElec  .         Reflect  .     (no cloak)
rCorr  .         Harm     .     (gloves unavailable)
MR     .....                    (boots unavailable)
Stlth  +.........               (no amulet)
                                (no ring)
                                h - ring of fire

@: very slightly contaminated
A: unfitting armour, claws 3, fast metabolism 3, gourmand, regeneration 1,
shaggy fur 1, tough skin 2
a: no special abilities


You were on level 5 of the Dungeon.
You were very full.

You visited 1 branch of the dungeon, and saw 5 of its levels.

You collected 147 gold pieces.

Inventory:

Hand Weapons
 a - a +0 mace (weapon)
Missiles
 e - 5 tomahawks of dispersal (quivered)
Armour
 b - a +0 robe (worn)
Jewellery
 h - a ring of fire (left claw)
Scrolls
 g - 3 scrolls of enchant weapon {unknown}
 i - a scroll of recharging {unknown}
 k - a scroll of remove curse {unknown}
 l - a scroll of noise {unknown}
 p - a scroll of amnesia {unknown}
 q - a scroll of fog {unknown}
 r - a scroll of magic mapping {unknown}
Potions
 j - 2 potions of curing
 m - a potion of flight {unknown}
 s - a potion of degeneration {unknown}
Books
 c - a book of Spatial Translocations

   Spells                             Type                      Level
   a - Blink                          Translocation                2
   b - Shroud of Golubria             Charms/Translocation         2
   c - Lesser Beckoning               Translocation                3
   d - Portal Projectile              Translocation                3
   e - Teleport Other                 Translocation                3
   f - Passage of Golubria            Translocation                4
Comestibles
 f - 3 bread rations
 n - a meat ration
 o - 3 fruits


   Skills:
 + Level 1.9 Fighting
 + Level 3.2 Maces & Flails
 + Level 1.1 Throwing
 + Level 2.6 Dodging
 + Level 1.4 Spellcasting
 + Level 0.2 Charms
 + Level 2.4 Translocations


You had one spell level left.
You knew the following spells:

 Your Spells              Type           Power        Failure   Level  Hunger
a - Shroud of Golubria    Chrm/Tloc      #.........   34%         2    ###....
b - Blink                 Tloc           N/A          21%         2    ###....


Dungeon Overview and Level Annotations

Branches:
Dungeon (6/15)
 Temple: D:4-7

Altars:
Gozag
Hepliaklqana
Kikubaaqudgha
Nemelex Xobeh
Xom


Innate Abilities, Weirdness & Mutations

You are too large for most types of armour.
You have claws for hands.
Your metabolism is lightning-fast.
You like to eat raw meat.
Your natural rate of healing is unusually fast.
You are covered in fur. (AC +1)
You have very tough skin. (AC +2)


Message History

Blink to where?
Press: ? - help, Dir - move target cursor Splash!
You fall into the shallow water.
Moving in this stuff is going to be slow.
As you read the scroll of blinking, it crumbles to dust.
You hear a shout!
The dart slug barely misses you. The dart slug launches a dart at you.
The slug dart misses you.
The slug dart hits the dart slug.
The dart slug launches a dart at you. The slug dart misses you.
A gnoll comes into view. It is wielding a whip.
A gnoll comes into view. It is wielding a whip.
The gnoll shouts!
The gnoll closely misses you. The bullfrog completely misses you.
The gnoll hits you with a whip!
* * * LOW HITPOINT WARNING * * *
The bullfrog hits you.
You die...

#########..#####
#..# #g.# #..#
###########..######
#..................
♣♣
#$######.##.######.
....###.##.....g..#
..............@g###
...#.#.#####..F.#
#s# ######w##
#.###.##≈≈.≈#.
#gOr§gs≈≈≈≈≈w#
#.###≈≈≈≈≈≈≈≈≈≈≈#
#s†#w≈≈≈≈w[≈≈≈≈≈≈
###.w≈≈#≈.[.#≈≈≈≈.
#≈≈≈#≈≈..≈≈≈##≈≈


You could see a bullfrog, 2 gnolls and 2 dart slugs.

Vanquished Creatures
  An orc wizard (D:3)
  3 gnolls (D:2)
  An ooze (D:2)
  2 worms
  2 dart slugs
  5 leopard geckos
  2 orcs (D:3)
  4 bats
  4 giant cockroaches
  4 goblins
  4 hobgoblins
  2 jackals (D:1)
  4 kobolds
  A ball python (D:3)
  3 frilled lizards
  4 rats
46 creatures vanquished.

Vanquished Creatures (others)
  A jackal (D:5)
1 creature vanquished.

Grand Total: 47 creatures vanquished

Notes
Turn   | Place    | Note
-------+----------+-------------------------------------------
     0 | D:1      | dvd the Troll Warper began the quest for the Orb.
     0 | D:1      | Reached XP level 1. HP: 19/19 MP: 1/1
    18 | D:1      | Reached skill level 2 in Maces & Flails
    50 | D:1      | Reached skill level 1 in Throwing
   126 | D:1      | Reached XP level 2. HP: 27/28 MP: 2/2
   135 | D:1      | Learned a level 2 spell: Shroud of Golubria
   732 | D:2      | Reached XP level 3. HP: 18/35 MP: 0/3
   790 | D:2      | Found a hazy altar of Hepliaklqana.
   791 | D:2      | Found a shimmering altar of Xom.
   791 | D:2      | Noticed a hungry ghost
   792 | D:2      | Noticed a hungry ghost
   792 | D:2      | Noticed a spectral ugly thing
  1084 | D:2      | Learned a level 2 spell: Blink
  1270 | D:2      | Found an opulent altar of Gozag.
  1273 | D:2      | Found a sparkling altar of Nemelex Xobeh.
  1335 | D:2      | Reached skill level 3 in Maces & Flails
  1335 | D:2      | Reached XP level 4. HP: 16/42 MP: 5/5
  1823 | D:3      | Found an ancient bone altar of Kikubaaqudgha.
  1909 | D:3      | You fall through a shaft for 3 floors!
  1917 | D:6      | Noticed a bullfrog
  1924 | D:5      | Entered Level 5 of the Dungeon
  1933 | D:5      | Noticed an ogre
  1968 | D:5      | Slain by a bullfrog

Skill      XL: |  1  2  3 |
---------------+----------+-----
Maces & Flails | 2 3 |  3.2
Throwing       | 1 |  1.1
Dodging        | 2 |  2.6
Fighting       | |  1.9
Spellcasting   | |  1.4
Charms         | |  0.2
Translocations | |  2.4

Action                   |  1- 3 |  4- 6 || total
-------------------------+-------+-------++-------
Melee: Mace              |   130 |    95 ||   225
 Cast: Shroud of Golubri |     1 |     2 ||     3
       Blink             |       |     2 ||     2
  Use: Potion            |       |     2 ||     2
       Scroll            |       |     1 ||     1
  Eat: Chunk             |    18 |     6 ||    24
Armor: Robe              |    48 |    72 ||   120
Dodge: Dodged            |    86 |    68 ||   154
